[Event "GER-chT States Women 2022"]
[Site "Braunfels"]
[Date "2022.06.17"]
[Round "2.14"]
[White "Timofeeva, Galina"]
[Black "Spiel, Marianne"]
[Result "1-0"]
[ECO "C00"]
[WhiteElo "1979"]
[BlackElo "1910"]
[Annotator "TA"]
[PlyCount "74"]
[EventDate "2022.06.15"]
[EventType "swiss"]
[EventCountry "GER"]
[SourceTitle "playchess.com"]
[Source "ChessBase"]
[SourceQuality "1"]
[TimeControl "40/5400+30:1800+30"]

1. e4 e6 2. d3 d5 3. Nd2 c5 4. Ngf3 Nc6 5. g3 Nf6 6. Bg2 Be7 7. O-O dxe4 8. dxe4 e5 9. c3 O-O 10. Qc2 (10. Nc4 {is more complex.} Ng4 11. h3 b5 12. hxg4 bxc4 13. g5) 10... Qc7 {[%emt 0:08:36] A08: King's Indian Attack.} 11. Nc4 h6 12. Ne3 Rd8 {[%emt 0:02:04] The position is equal.} 13. Nd5 Nxd5 14. exd5 Rxd5 15. Ng5 $1 {[%emt 0:04:29] [#] Qh7+ would kill now.} Bxg5 $146 ({Predecessor:} 15... e4 16. Bf4 Bd6 17. Bxd6 Qxd6 18. Nxe4 Qd8 19. Qb3 Re5 20. Rad1 Qe7 21. Nd6 Na5 {1-0 (35) Fudalej,G (2067)-Kostek,D (1800) Rudnik 2000}) 16. Bxd5 $16 Bh3 (16... Ne7 $142) 17. Re1 Rd8 (17... Bf6 $16 {was worth a try.} 18. Be3 Rd8) 18. Be4 Bxc1 (18... Be7 $16 19. Be3 Be6) 19. Raxc1 $18 (19. Qxc1 f5 $14) (19. Rexc1 Bg4 20. f3 Be6 $16) 19... Ne7 20. Rcd1 {[%emt 0:02:07] aiming for Rxd8+.} Rxd1 (20... Rf8 {is a better defense.} 21. Qd3 f6) 21. Rxd1 ({Less strong is} 21. Qxd1 Be6 22. Qa4 Qb8 $18) 21... b6 $2 (21... Bg4 22. Qa4 Kf8) 22. Qa4 {[%emt 0:04:21][%cal Ra4e8] [#]} g6 23. Qe8+ Kg7 24. Rd8 Kf6 25. Rd3 (25. c4 $142) 25... Kg7 $2 (25... c4 {was called for.}) 26. Bg2 Bf5 27. Rd8 Kf6 28. Qh8+ Ke6 29. c4 {[%emt 0:03:31][%cal Bc3c4,Bc4d5][%mdl 32] Intending Bd5+ and mate.} e4 30. g4 {[%emt 0:00:01] Inhibits h5.} (30. f3 $18) 30... Bxg4 $11 31. Bxe4 {[%emt 0:00:01] Black must now prevent Bd5+.} (31. Qe8 $5 ) 31... Be2 $2 (31... Qf4 $11 32. Bd5+ Nxd5 33. cxd5+ (33. Rxd5 Bf3 $11) 33... Kf5) 32. Bd5+ $18 Nxd5 33. cxd5+ Kf5 34. Re8 $2 (34. Qe8 $18 {and the rest is easy.} Qe5 35. Qxf7+ Qf6 36. Rf8 Qxf7 37. Rxf7+ Ke5 38. Re7+ Kxd5 39. Rxe2) 34... Bc4 $2 {[%emt 0:00:48][%mdl 8192] A mistake that costs the game.} (34... Qf4 $16 35. Qc3 (35. Rxe2 Qg5+ 36. Kh1 Qc1+ 37. Kg2 Qg5+ 38. Kf3 Qf4+ 39. Kg2 Qg5+ 40. Kh1 Qc1+ 41. Kg2 Qg5+ $11) 35... Qg4+ 36. Qg3 Qd4 37. Qh3+ Bg4) 35. Qxh6 {[%emt 0:01:03] Threatens to win with Qh3+.} Bxd5 36. Qh3+ Kf6 37. b3 $2 (37. Qc3+ Kf5 38. Qd3+ Kf6 39. Qxd5) 37... Be6 $2 {[%emt 0:00:00] Weighted Error Value: White=0.96/Black=0.89} (37... Qf4 {is more resistant.} 38. Qc3+ Qd4 39. Qxd4+ cxd4) 1-0

[Event "GER-chT States Women 2022"]
[Site "Braunfels"]
[Date "2022.06.17"]
[Round "2.15"]
[White "Schilay, Eva"]
[Black "Noppes, Marina"]
[Result "0-1"]
[ECO "B26"]
[WhiteElo "1691"]
[BlackElo "1922"]
[Annotator "NA RC"]
[PlyCount "62"]
[EventDate "2022.06.15"]
[EventType "swiss"]
[EventCountry "GER"]
[SourceTitle "playchess.com"]
[Source "ChessBase"]
[SourceQuality "1"]
[TimeControl "40/5400+30:1800+30"]

1. e4 c5 2. g3 Nc6 3. Bg2 g6 4. d3 Bg7 5. Nc3 d6 6. Be3 e6 7. Qd2 Rb8 8. Nge2 Qb6 9. Rb1 Nd4 10. Nd1 Nxe2 11. Kxe2 Qa6 12. a3 h5 13. h3 Ne7 14. Re1 b5 15. c3 Bd7 16. Qc1 Rc8 17. Bd2 Nc6 18. Ne3 O-O 19. Bf3 b4 20. axb4 {[%emt 0:01:18] [#]} ({Not} 20. Nc4 $2 d5 21. exd5 exd5 22. Bxd5 Bf5 $19) 20... cxb4 (20... Ne5 $1 $17 21. c4 cxb4) 21. Nc4 d5 $15 22. exd5 exd5 23. Bxd5 Bxh3 24. Be3 Rfd8 25. Be4 f5 26. Bf3 Rxd3 27. Kxd3 Ne5+ 28. Kc2 b3+ 29. Kd2 Nxf3+ 30. Ke2 Qxc4+ 31. Kxf3 Qg4# 0-1

[Event "GER-chT States Women 2022"]
[Site "Braunfels"]
[Date "2022.06.17"]
[Round "2.16"]
[White "Brender, Biserka"]
[Black "Schaefer, Ann-Kathrin"]
[Result "0-1"]
[ECO "E91"]
[WhiteElo "1427"]
[BlackElo "1680"]
[Annotator "NA RC"]
[PlyCount "60"]
[EventDate "2022.06.15"]
[EventType "swiss"]
[EventCountry "GER"]
[SourceTitle "playchess.com"]
[Source "ChessBase"]
[SourceQuality "1"]
[TimeControl "40/5400+30:1800+30"]

1. d4 Nf6 2. Nf3 d6 3. c4 g6 4. Nc3 Bg7 5. e4 O-O 6. Be2 Nbd7 7. O-O c5 8. Bg5 cxd4 9. Nxd4 Nc5 10. Bxf6 Bxf6 11. b4 Ne6 12. Nxe6 Bxe6 13. Rc1 Rc8 14. Nd5 Bxd5 15. Qxd5 Qb6 16. Rb1 Rc6 17. a4 Rfc8 18. a5 Qc7 19. Rfc1 e6 20. Qd3 b5 21. axb6 axb6 22. f4 b5 23. g4 bxc4 24. Qh3 Qa7+ 25. Kg2 Qa2 26. Kf1 Bb2 27. Rd1 c3 28. Bd3 c2 29. Bxc2 Rxc2 30. b5 Bd4 0-1

[Event "GER-chT States Women 2022"]
[Site "Braunfels"]
[Date "2022.06.17"]
[Round "2.17"]
[White "Steinbacher, Claudia"]
[Black "Hund, Sarah"]
[Result "1/2-1/2"]
[ECO "E16"]
[WhiteElo "2020"]
[BlackElo "2086"]
[Annotator "TA"]
[PlyCount "73"]
[EventDate "2022.06.15"]
[EventType "swiss"]
[EventCountry "GER"]
[SourceTitle "playchess.com"]
[Source "ChessBase"]
[SourceQuality "1"]
[TimeControl "40/5400+30:1800+30"]

1. d4 Nf6 2. c4 e6 3. Nf3 Bb4+ 4. Bd2 Qe7 5. a3 Bxd2+ 6. Qxd2 d6 7. Nc3 e5 {[%emt 0:01:10] E11: Bogo-Indian.} 8. d5 a5 9. e4 O-O 10. Bd3 Nbd7 11. Bc2 Nc5 12. b3 Bg4 13. Qe3 {[%emt 0:05:34] [#]} Nh5 $146 ({Predecessor:} 13... c6 14. O-O Rfc8 15. Rfc1 cxd5 16. cxd5 Bxf3 17. Qxf3 Qd8 18. Rab1 g6 19. h3 Kg7 {0-1 (60) Loupos,V (2032)-Gogolis,A (2264) Athens 2013}) 14. Ne2 ({White should try} 14. O-O $11) 14... Qf6 $15 15. O-O Bxf3 16. Qxf3 Qxf3 17. gxf3 b6 (17... Nf4 $17 18. Nxf4 exf4) 18. b4 $11 Nb7 19. Ba4 Nd8 20. Bd7 f6 21. Bg4 Nf4 22. Nxf4 exf4 23. Rfc1 Nb7 {[%emt 0:05:46] Prevents c5.} 24. Bd7 Ra7 25. Bc6 Kf7 26. Kf1 Ke7 27. Ke2 (27. Bxb7 $142 Rxb7 28. h4) 27... Rb8 28. Rg1 g6 29. Bxb7 Rbxb7 {[%emt 0:01:03][%mdl 4096] Endgame KRR-KRR} 30. b5 Rb8 ({Better is} 30... Kf7 $1 $11) 31. Rg4 g5 $1 32. h4 h6 33. hxg5 hxg5 34. Rh1 {[%emt 0:00:04] [#] Rh7+ is the strong threat.} Rf8 $1 35. Rh7+ Rf7 36. Rh8 {[%emt 0:00:08] Threatens to win with Rg2.} Rf8 37. Rh7+ {[%emt 0:00:05] Weighted Error Value: White=0.12 (very precise) /Black=0.11 (very precise)} 1/2-1/2

[Event "GER-chT States Women 2022"]
[Site "Braunfels"]
[Date "2022.06.17"]
[Round "2.18"]
[White "Frey, Alisa"]
[Black "Peglau, Dora"]
[Result "1-0"]
[ECO "B17"]
[WhiteElo "1998"]
[BlackElo "2008"]
[Annotator "NA RC"]
[PlyCount "85"]
[EventDate "2022.06.15"]
[EventType "swiss"]
[EventCountry "GER"]
[SourceTitle "playchess.com"]
[Source "ChessBase"]
[SourceQuality "1"]
[TimeControl "40/5400+30:1800+30"]

1. e4 c6 2. d4 d5 3. Nc3 dxe4 4. Nxe4 Nd7 5. Bc4 Ngf6 6. Ng5 e6 7. Qe2 Nb6 8. Bb3 Bd6 9. N1f3 h6 10. Ne4 Nxe4 11. Qxe4 Nd5 12. O-O Nf6 13. Qe2 O-O 14. c4 b6 15. Be3 Qe7 16. Rad1 Bb7 17. Bc2 c5 18. Ne5 cxd4 19. Bxd4 Rac8 $11 20. b3 Rfd8 21. Ng4 Nxg4 22. Qxg4 Qg5 23. Qxg5 hxg5 24. Be3 Bf4 25. Rxd8+ Rxd8 26. Rd1 Rxd1+ 27. Bxd1 Bxe3 28. fxe3 Kf8 29. Bf3 Bxf3 30. gxf3 Ke7 31. Kf2 Kd6 32. b4 f5 33. Ke2 Ke5 34. Kd3 f4 35. e4 a6 36. c5 bxc5 37. bxc5 Kf6 38. h3 e5 39. Kc4 Ke6 40. a3 g6 41. a4 g4 42. hxg4 g5 43. a5 1-0

[Event "GER-chT States Women 2022"]
[Site "Braunfels"]
[Date "2022.06.17"]
[Round "2.19"]
[White "Peglau, Mirjam"]
[Black "Kuehnel, Lena"]
[Result "1-0"]
[ECO "D02"]
[WhiteElo "1834"]
[BlackElo "1928"]
[Annotator "NA RC"]
[PlyCount "111"]
[EventDate "2022.06.15"]
[EventType "swiss"]
[EventCountry "GER"]
[SourceTitle "playchess.com"]
[Source "ChessBase"]
[SourceQuality "1"]
[TimeControl "40/5400+30:1800+30"]

1. d4 d5 2. Nf3 Nf6 3. Bf4 e6 4. e3 c5 5. c3 Nc6 6. Nbd2 Be7 7. Be2 O-O 8. O-O {[%emt 0:00:03] The main line 8.0-0 scores better than 8.h3.} Nh5 9. Bg3 Nxg3 10. hxg3 b6 11. Qa4 {[%emt 0:06:39] [#]} Bb7 $146 ({Predecessor:} 11... Bd7 12. Qc2 Rc8 13. Rad1 Bf6 14. dxc5 bxc5 15. e4 d4 16. Nc4 e5 17. Ne1 Na5 {0-1 (50) Gerencer,J (2131)-Domonkos,D (2075) Hungary 2009}) 12. Rab1 f6 13. b4 c4 14. b5 Nb8 15. Qc2 a6 16. bxa6 Rxa6 17. e4 Nd7 18. exd5 exd5 19. Rfe1 f5 20. Bf1 Nf6 21. Qxf5 Ne4 22. Qe6+ Kh8 23. Nxe4 dxe4 24. Ne5 $18 (24. Bxc4 b5 25. Qe5 Ra7 26. Rxb5 Bd6 27. Rxb7 Bxe5 28. Rxa7 Bb8) 24... Bd5 25. Qh3 Rxa2 26. Ng6+ Kg8 27. Nxf8 Bxf8 28. Rb5 Qf6 29. Re2 Rxe2 30. Bxe2 Qc6 31. Rb1 Be7 32. Bg4 Bd8 33. Bd7 Qd6 34. Bb5 Be6 35. Qh5 Bf7 36. Qf5 e3 37. Qf4 exf2+ 38. Qxf2 Qg6 39. Rf1 h6 40. Qf3 Bc7 41. d5 Bxg3 42. Bxc4 Bd6 43. Bd3 Bc5+ 44. Kh1 Qh5+ 45. Qxh5 Bxh5 46. c4 Bf7 47. Bh7+ Kxh7 48. Rxf7 Kg6 49. Rb7 Kf6 50. Rc7 Bd4 51. Rc6+ Ke7 52. g4 Kd7 53. Kg2 Ke7 54. Kf3 Kf7 55. Ke4 Bc5 56. Kf5 1-0

[Event "GER-chT States Women 2022"]
[Site "Braunfels"]
[Date "2022.06.17"]
[Round "2.20"]
[White "Kohm, Vanessa"]
[Black "Just, Anita"]
[Result "0-1"]
[ECO "A90"]
[WhiteElo "1772"]
[BlackElo "1895"]
[Annotator "NA RC"]
[PlyCount "166"]
[EventDate "2022.06.15"]
[EventType "swiss"]
[EventCountry "GER"]
[SourceTitle "playchess.com"]
[Source "ChessBase"]
[SourceQuality "1"]
[TimeControl "40/5400+30:1800+30"]

1. d4 e6 2. c4 f5 3. g3 Nf6 4. Bg2 Bb4+ 5. Nd2 O-O 6. Ngf3 d6 7. O-O Bxd2 8. Bxd2 Qe7 9. Qc2 Nbd7 10. b3 Ne4 11. Bc1 e5 12. e3 Ndf6 (12... Rb8 $14 {feels stronger.}) 13. Bb2 exd4 14. exd4 ({Reject} 14. Bxd4 b6 $14) 14... Qf7 15. Nd2 Nxd2 16. Qxd2 d5 17. Qc2 c6 18. Rae1 Bd7 19. Re2 Rfe8 20. Rfe1 Rxe2 21. Rxe2 Re8 22. cxd5 Nxd5 $11 23. Re5 Nf6 24. Qc5 Ng4 25. Rxe8+ Qxe8 26. Bf1 b6 27. Qd6 Be6 28. h3 Nf6 29. Bg2 Nd5 30. Qe5 Qd7 31. Bf1 h6 32. Bc4 b5 33. Bf1 Nb4 34. a3 Nd5 35. Bd3 Ne7 36. Bc2 Ng6 37. Qc5 Bd5 38. Bc1 Qe6 39. Qc3 Ne7 40. Bf4 Ng6 41. Bd2 Ne7 42. Qd3 Kf7 43. b4 Be4 44. Qb3 Bxc2 45. Qxc2 Nd5 46. Qd3 Nb6 47. Bf4 Qe1+ 48. Kg2 Qe4+ 49. Qxe4 fxe4 50. f3 exf3+ 51. Kxf3 Nc4 52. Bc1 Ke6 53. Ke4 Nd6+ 54. Kd3 Kd5 55. Be3 Nf5 56. Bf2 g6 57. g4 Nd6 58. Be3 h5 59. Bf4 Nc4 60. Bc1 hxg4 61. hxg4 a6 62. g5 Kd6 63. Ke4 Ke6 64. Be3 Nd6+ 65. Kd3 Kf5 66. Bd2 Nf7 67. d5 cxd5 68. Kd4 Ke6 69. Kc5 Nd6 70. Bc1 Nc4 71. Kd4 Ne5 72. Bf4 Nf3+ 73. Ke3 Nh4 74. Kd4 Nf5+ 75. Kc5 d4 76. Kb6 Kd5 77. Kxa6 Kc4 78. Kb6 d3 79. Kc6 Nd4+ 80. Kd6 Nc2 81. Ke6 Kd4 82. Kf6 Ne3 83. Kxg6 d2 0-1

[Event "GER-chT States Women 2022"]
[Site "Braunfels"]
[Date "2022.06.17"]
[Round "2.21"]
[White "Lowke, Kathrin"]
[Black "Grining, Maria"]
[Result "1-0"]
[ECO "B07"]
[WhiteElo "1850"]
[BlackElo "1759"]
[Annotator "NA RC"]
[PlyCount "59"]
[EventDate "2022.06.15"]
[EventType "swiss"]
[EventCountry "GER"]
[SourceTitle "playchess.com"]
[Source "ChessBase"]
[SourceQuality "1"]
[TimeControl "40/5400+30:1800+30"]

1. e4 d6 2. d4 Nf6 3. Nc3 Nbd7 4. Nf3 e5 5. Bc4 h6 6. h3 c6 7. Bb3 Be7 8. Be3 Qc7 9. Qd2 Nf8 10. O-O-O b5 11. a3 a5 12. dxe5 dxe5 13. Nxe5 Qxe5 14. Bf4 Qc5 15. Be3 Qh5 16. g4 Qg6 {[%emt 0:01:46] [#]} 17. Bc5 $11 N6d7 18. Bxe7 Kxe7 19. e5 Kd8 20. f4 b4 21. Na4 Kc7 22. Kb1 c5 23. f5 Qc6 24. Bd5 Qxa4 25. Bxa8 bxa3 26. Qd6+ Kd8 27. e6 Qb4 28. e7+ Ke8 29. exf8=Q+ Rxf8 30. Rhe1+ 1-0

[Event "GER-chT States Women 2022"]
[Site "Braunfels"]
[Date "2022.06.17"]
[Round "2.22"]
[White "Malachowski, Margrit"]
[Black "Kosovska, Olena"]
[Result "1-0"]
[ECO "A06"]
[WhiteElo "2061"]
[BlackElo "1827"]
[Annotator "NA RC"]
[PlyCount "169"]
[EventDate "2022.06.15"]
[EventType "swiss"]
[EventCountry "GER"]
[SourceTitle "playchess.com"]
[Source "ChessBase"]
[SourceQuality "1"]
[TimeControl "40/5400+30:1800+30"]

1. Nf3 d5 2. b3 Nf6 3. Bb2 e6 4. e3 c5 5. c4 Nc6 6. d3 Bd6 7. Nbd2 O-O 8. Be2 b6 9. O-O Bb7 10. Rc1 Rc8 11. h3 Bb8 12. cxd5 Nxd5 13. d4 cxd4 14. Nxd4 Nxd4 15. Bxd4 Rxc1 16. Qxc1 {[%emt 0:00:16] [#]} Nb4 (16... Nf4 $1 $15 17. exf4 Qxd4) 17. Nf3 Nc6 18. Bb2 Qc7 19. g3 Rd8 20. Rd1 Rxd1+ 21. Qxd1 f6 22. a3 Qe7 $11 23. b4 a6 24. Nd4 Ne5 25. f4 Nc6 26. Bc4 Nxd4 27. Qxd4 b5 28. Bb3 Kf8 29. Qb6 Kf7 30. Bd4 f5 31. Kf2 Qd7 32. Ke2 Bd6 33. Bc5 Bxc5 34. Qxc5 Qc6 35. Qxc6 Bxc6 36. Kd3 Ke7 37. Kd4 Kd6 38. Bc2 Bg2 39. h4 g6 40. e4 Bf1 41. e5+ Kc6 42. Bb3 Kd7 43. Kc5 h6 44. Kb6 Bc4 45. Bd1 Bd3 46. Kxa6 Kc6 47. Bf3+ Kc7 48. Ka5 Bc4 49. a4 bxa4 50. Kxa4 Kb6 51. Bd1 Bb5+ 52. Kb3 Bf1 53. Kc3 Bb5 54. g4 fxg4 55. Bxg4 Bd7 56. Be2 Kc6 57. Bd1 Kb5 58. Bb3 Kb6 59. Bc4 Kc6 60. Kd4 Kb6 61. Ke3 Kc6 62. Kf3 h5 63. Ke3 Kb6 64. Kd4 Kc6 65. Kc3 Kb6 66. Kb3 Kc6 67. Ka3 Kb6 68. Bb3 Kc7 69. Ba4 Bc8 70. Be8 Bb7 71. Bxg6 Bf3 72. Bf7 Bg4 73. b5 Kd7 74. Kb4 Ke7 75. b6 Kd7 76. Kc5 Bf3 77. Bg6 Bg4 78. Be4 Be2 79. b7 Kc7 80. b8=Q+ Kxb8 81. Kd6 Bg4 82. Bc6 Kc8 83. Bd7+ Kd8 84. Bxe6 Be2 85. Bf7 1-0

[Event "GER-chT States Women 2022"]
[Site "Braunfels"]
[Date "2022.06.17"]
[Round "2.23"]
[White "Neumeyer, Hannelore"]
[Black "Landenberger, Anja Kathrin"]
[Result "0-1"]
[ECO "D00"]
[WhiteElo "1877"]
[BlackElo "1767"]
[Annotator "NA RC"]
[PlyCount "74"]
[EventDate "2022.06.15"]
[EventType "swiss"]
[EventCountry "GER"]
[SourceTitle "playchess.com"]
[Source "ChessBase"]
[SourceQuality "1"]
[TimeControl "40/5400+30:1800+30"]

1. d4 d5 2. e4 dxe4 3. Nc3 Bf5 4. f3 exf3 5. Qxf3 Qc8 6. Bc4 Nf6 7. Nge2 Bxc2 8. O-O Nbd7 9. g4 $2 (9. Bf4 $11 a6 10. Rac1) 9... Nb6 10. Bxf7+ Kxf7 11. g5 c6 12. Be3 Ke8 13. gxf6 gxf6 14. Rac1 Bg6 15. d5 Qd7 16. Bxb6 axb6 17. dxc6 bxc6 $17 18. Rfd1 Qb7 19. Nd4 Bh6 20. Re1 Bxc1 21. Qxf6 Rf8 22. Qxc6+ Qxc6 23. Nxc6 Bg5 24. Nd5 Kd7 25. Ne5+ Kd6 26. Nxb6 Rxa2 27. Nec4+ Kc6 28. Re6+ Kb7 29. Nd7 Ra1+ 30. Kg2 Rff1 31. Nc5+ Kc7 32. Na6+ Kd7 33. Nc5+ Ke8 34. Re5 Rg1+ 35. Kh3 Bf6 36. Nd6+ Kf8 37. Nd7+ Kg7 0-1

[Event "GER-chT States Women 2022"]
[Site "Braunfels"]
[Date "2022.06.17"]
[Round "2.24"]
[White "Kuehnel, Jutta"]
[Black "Gottschall, Ina"]
[Result "1-0"]
[ECO "B06"]
[WhiteElo "1547"]
[BlackElo "1612"]
[Annotator "NA RC"]
[PlyCount "92"]
[EventDate "2022.06.15"]
[EventType "swiss"]
[EventCountry "GER"]
[SourceTitle "playchess.com"]
[Source "ChessBase"]
[SourceQuality "1"]
[TimeControl "40/5400+30:1800+30"]

1. e4 g6 2. d4 Bg7 3. Nc3 d6 4. Be3 Nf6 5. Be2 O-O 6. f4 Na6 7. e5 dxe5 8. dxe5 Nd7 9. Bxa6 bxa6 10. Qf3 Rb8 11. b3 Bb7 12. Qe2 Nb6 13. Rd1 Qc8 14. Nf3 f6 15. exf6 exf6 16. O-O Re8 17. Qf2 Qg4 18. Rd3 Rbd8 19. Rfd1 Rxd3 20. Rxd3 Bxf3 21. Qxf3 Qxf3 22. gxf3 f5 23. Ne2 c6 24. c4 Nc8 25. Kf2 Bf6 26. Rd7 Bh4+ 27. Ng3 Bd8 28. Bd4 Be7 29. Be3 Bd6 30. Ne2 c5 31. Nc3 Be7 32. Nd5 Bh4+ 33. Ke2 Nb6 34. Rxa7 Nxd5 35. cxd5 Bf6 36. Kd3 Rd8 37. Kc4 Rc8 38. Rxa6 Bd4 39. Bxd4 cxd4+ 40. Rc6 Re8 41. Re6 Rc8+ 42. Kxd4 Rc2 43. d6 Rxa2 44. Ke5 Kf7 45. Re7+ Kg8 46. Kf6 Ra3 1-0

[Event "GER-chT States Women 2022"]
[Site "Braunfels"]
[Date "2022.06.17"]
[Round "2.25"]
[White "Koehler, Inken"]
[Black "Krasnopeyeva, Julia"]
[Result "1-0"]
[ECO "B41"]
[WhiteElo "2002"]
[BlackElo "1939"]
[Annotator "NA RC"]
[PlyCount "71"]
[EventDate "2022.06.15"]
[EventType "swiss"]
[EventCountry "GER"]
[SourceTitle "playchess.com"]
[Source "ChessBase"]
[SourceQuality "1"]
[TimeControl "40/5400+30:1800+30"]

1. e4 c5 2. Nf3 e6 3. d4 cxd4 4. Nxd4 a6 5. c4 Qc7 6. Nc3 Nf6 7. Be2 Bc5 8. Be3 O-O 9. O-O b6 10. Kh1 Bb7 11. f3 Bd6 12. Ndb5 axb5 13. Nxb5 Qd8 14. Nxd6 Ba6 15. b4 Qe7 16. Bxb6 Ne8 17. Bc5 Qd8 18. b5 Qc7 19. Qd4 ({Weaker is} 19. bxa6 Qxc5 20. Nb5 Rxa6 $16) 19... Bb7 20. e5 $18 Nxd6 21. Bxd6 Qa5 22. Bxf8 Kxf8 23. Qd6+ Ke8 24. a4 Bc8 25. Bd3 Bb7 26. Rfd1 h6 27. Bc2 Qc3 28. Bd3 Qa5 29. Be2 Bc8 30. Rdb1 Bb7 31. Bd3 Qc3 32. Qc7 Bxf3 33. gxf3 Qxd3 34. Qb7 d5 35. exd6 Rxa4 36. Qe7# 1-0

[Event "GER-chT States Women 2022"]
[Site "Braunfels"]
[Date "2022.06.17"]
[Round "2.26"]
[White "Mader, Lena"]
[Black "Braeutigam, Irina"]
[Result "0-1"]
[ECO "A25"]
[WhiteElo "1789"]
[BlackElo "2013"]
[Annotator "NA RC"]
[PlyCount "84"]
[EventDate "2022.06.15"]
[EventType "swiss"]
[EventCountry "GER"]
[SourceTitle "playchess.com"]
[Source "ChessBase"]
[SourceQuality "1"]
[TimeControl "40/5400+30:1800+30"]

1. c4 e5 2. g3 Nc6 3. Bg2 g6 4. Nc3 Bg7 5. Nf3 d6 6. d3 f5 7. Rb1 a5 8. a3 Nf6 9. O-O O-O 10. b4 axb4 11. axb4 Qe8 12. b5 Nd8 13. Qb3 Kh8 14. e3 Ne6 $1 15. Bb2 g5 16. Nd2 f4 17. exf4 gxf4 18. Nd5 Qh5 19. Nxf6 Rxf6 20. Qd1 Qg6 21. Nf3 Rf8 $11 22. Ra1 Rxa1 23. Bxa1 Nc5 24. d4 exd4 25. Bxd4 Bg4 26. h3 Be6 27. g4 Bxc4 28. Re1 Be6 29. Bxc5 dxc5 30. Ne5 Qg5 31. Nd7 Re8 32. h4 Qxh4 33. Nxc5 Rd8 34. Qf3 Bxg4 35. Qxf4 Rf8 36. Qe3 b6 37. Nd3 Bd7 38. Rb1 Bd4 39. Qd2 Bf5 40. Rb2 Bxd3 41. Rb4 Bxf2+ 42. Qxf2 Qxf2+ 0-1

[Event "GER-chT States Women 2022"]
[Site "Braunfels"]
[Date "2022.06.17"]
[Round "2.27"]
[White "Gressmann, Hanna"]
[Black "Bazzazi, Elnaz"]
[Result "0-1"]
[ECO "C51"]
[WhiteElo "1892"]
[BlackElo "1749"]
[Annotator "NA RC"]
[PlyCount "54"]
[EventDate "2022.06.15"]
[EventType "swiss"]
[EventCountry "GER"]
[SourceTitle "playchess.com"]
[Source "ChessBase"]
[SourceQuality "1"]
[TimeControl "40/5400+30:1800+30"]

1. e4 e5 2. Nf3 Nc6 3. Bc4 Bc5 4. b4 Bxb4 5. c3 Be7 6. d4 Bf6 7. Qb3 Qe7 8. Ba3 d6 9. O-O exd4 10. e5 Nxe5 11. Nxe5 Bxe5 12. cxd4 Bxd4 13. Qa4+ Kf8 14. Nd2 Bxa1 15. Rxa1 Bd7 16. Qb3 Bc6 17. Qg3 Re8 $19 18. Nb3 h5 19. Bb2 Nf6 20. Nd4 Qe4 21. h3 h4 22. Qh2 Rh5 23. Kf1 Bd5 24. Be2 Rg5 25. Bf3 Qd3+ 26. Be2 Rxe2 27. Nxe2 Bxg2+ 0-1

[Event "GER-chT States Women 2022"]
[Site "Braunfels"]
[Date "2022.06.17"]
[Round "2.28"]
[White "Ramm, Madlen"]
[Black "Falke, Ornella"]
[Result "0-1"]
[ECO "B23"]
[WhiteElo "1732"]
[BlackElo "1844"]
[Annotator "NA RC"]
[PlyCount "88"]
[EventDate "2022.06.15"]
[EventType "swiss"]
[EventCountry "GER"]
[SourceTitle "playchess.com"]
[Source "ChessBase"]
[SourceQuality "1"]
[TimeControl "40/5400+30:1800+30"]

1. e4 c5 2. Nc3 d6 3. f4 Nc6 4. Bb5 e6 5. Nf3 Nge7 6. d3 a6 7. Bxc6+ Nxc6 8. O-O g6 9. Be3 Bg7 10. Bf2 O-O 11. Qd2 b5 12. Rab1 Qc7 13. Ne2 Ne7 $11 (13... a5 $15 {should be considered.}) 14. c3 Bb7 15. Ng3 Rad8 16. Qe2 Rfe8 17. Rfc1 f5 18. Ng5 Bc8 19. Qc2 h6 20. Nf3 Kh7 21. Re1 fxe4 22. dxe4 Rf8 23. Be3 Bb7 24. Re2 Rf7 25. Rf1 a5 26. Ref2 d5 27. e5 Bf8 28. Nh4 Nf5 29. Nhxf5 gxf5 30. Qe2 Ba6 31. Re1 Be7 32. Qh5 Rg7 33. Rf3 Bb7 34. Rf2 Rdg8 35. Qe2 Bh4 36. Qxb5 Bxg3 37. hxg3 d4 38. cxd4 Rxg3 39. Ree2 cxd4 40. Rc2 Qg7 41. Qxa5 dxe3 42. Rfe2 Bxg2 43. Rxg2 Rxg2+ 44. Kf1 e2+ 0-1

[Event "GER-chT States Women 2022"]
[Site "Braunfels"]
[Date "2022.06.17"]
[Round "2.29"]
[White "Mundt, Alexandra"]
[Black "Marx, Christina"]
[Result "1-0"]
[ECO "B32"]
[WhiteElo "1782"]
[BlackElo "1587"]
[Annotator "NA RC"]
[PlyCount "69"]
[EventDate "2022.06.15"]
[EventType "swiss"]
[EventCountry "GER"]
[SourceTitle "playchess.com"]
[Source "ChessBase"]
[SourceQuality "1"]
[TimeControl "40/5400+30:1800+30"]

1. e4 c5 2. Nf3 Nc6 3. d4 cxd4 4. Nxd4 d6 5. Nc3 g6 6. Be3 Bg7 7. Be2 a6 8. h4 e5 9. Nb3 Nge7 10. g4 h6 11. Qd2 Be6 12. O-O-O Qd7 13. g5 h5 14. Qxd6 Qxd6 15. Rxd6 Bxb3 16. axb3 Nd4 17. Bxd4 exd4 18. Na4 Be5 19. Rb6 Nc8 20. Rxb7 Nd6 21. Rb6 Nxe4 22. Re1 Bf4+ 23. Kb1 O-O 24. Bc4 Rae8 25. Rxg6+ Kh7 26. Rh6+ Kg7 27. Ka1 f6 28. Rxh5 fxg5 29. hxg5 Nxg5 30. Rxe8 Rxe8 31. Bxa6 Kg6 32. Rh4 Re1+ 33. Ka2 Be5 34. Bd3+ Kg7 35. f4 1-0

[Event "GER-chT States Women 2022"]
[Site "Braunfels"]
[Date "2022.06.17"]
[Round "2.30"]
[White "Mueller, Riyanna"]
[Black "Braeutigam, Katerina"]
[Result "0-1"]
[ECO "B13"]
[WhiteElo "1521"]
[BlackElo "1860"]
[Annotator "NA RC"]
[PlyCount "62"]
[EventDate "2022.06.15"]
[EventType "swiss"]
[EventCountry "GER"]
[SourceTitle "playchess.com"]
[Source "ChessBase"]
[SourceQuality "1"]
[TimeControl "40/5400+30:1800+30"]

1. e4 c6 2. d4 d5 3. exd5 cxd5 4. Bd3 Nc6 5. c3 Nf6 6. Bf4 g6 7. Nf3 Bg7 {[%emt 0:00:16] 7...Bf5 is more fashionable.} 8. Nbd2 Bf5 9. Bxf5 gxf5 10. Ne5 Ne4 11. Nd3 Rc8 12. Qe2 e6 13. h3 h5 {[%emt 0:06:34] [#]} 14. Nb3 $146 ({Predecessor:} 14. f3 Nxd2 15. Qxd2 h4 16. g4 hxg3 17. Bxg3 Bh6 18. f4 Qa5 19. Qf2 Bg7 20. Kf1 {0-1 (75) Boskovic,D (2434)-Stevic,H (2610) Rijeka 2010}) 14... b6 15. Be3 h4 16. O-O-O Na5 17. Nxa5 bxa5 18. Nf4 Qb6 19. Nh5 Bf8 20. g4 Ba3 21. Nf6+ Nxf6 22. bxa3 Ne4 23. Bd2 Rb8 24. Kc2 Qb2+ 25. Kd3 Qb5+ 26. Ke3 f4+ 27. Kf3 Ng5+ 28. Kxf4 Qxe2 29. Kxg5 Ke7 30. Be3 Qf3 31. Rb1 Qf6# 0-1

[Event "GER-chT States Women 2022"]
[Site "Braunfels"]
[Date "2022.06.17"]
[Round "2.31"]
[White "Leib, Britta"]
[Black "Anisimova, Mariya"]
[Result "1-0"]
[ECO "C54"]
[WhiteElo "1906"]
[BlackElo "1386"]
[Annotator "NA RC"]
[PlyCount "57"]
[EventDate "2022.06.15"]
[EventType "swiss"]
[EventCountry "GER"]
[SourceTitle "playchess.com"]
[Source "ChessBase"]
[SourceQuality "1"]
[TimeControl "40/5400+30:1800+30"]

1. e4 e5 2. Nf3 Nc6 3. Bc4 Bc5 4. c3 Nf6 5. d4 exd4 6. O-O dxc3 7. e5 Ng4 8. Bxf7+ Kf8 9. Bb3 Ngxe5 10. Nxc3 d6 11. Bg5 Qe8 12. Nxe5 Nxe5 13. Ne4 Bb6 14. Nxd6 Qg6 15. Nxc8 Rxc8 16. Bf4 Re8 17. Bxe5 Rxe5 $18 18. Qf3+ $2 (18. Re1 $18 Rxe1+ 19. Qxe1) 18... Qf5 (18... Qf6 $1 $11) 19. Qxb7 g6 20. Bd1 Bxf2+ 21. Kh1 Re1 22. Qb8+ Kg7 23. Qxc7+ Kh6 24. Bf3 Rxa1 25. Rxa1 Rc8 26. Qb7 Qc2 27. g3 Bd4 28. Rd1 Rc7 29. Qb4 1-0